 Dungeon Crawl Stone Soup version 0.26.1-11-gd32895ea62 (webtiles) character file.

Game seed: 2016395084040004230

1295 dtburroughs the Chopper (level 8, -4/71 HPs)
             Began as a Minotaur Berserker on June 17, 2021.
             Was a Priest of Trog.
             Slain by Menkaure (18 damage)
             ... on level 5 of the Dungeon.
             The game lasted 00:11:16 (5730 turns).

dtburroughs the Chopper (Minotaur Berserker)        Turns: 5730, Time: 00:11:16

Health: -4/71      AC: 15    Str: 22    XL:     8   Next: 30%
Magic:  7/7        EV: 10    Int:  6    God:    Trog [***...]
Gold:   212        SH:  0    Dex: 10    Spells: 7/7 levels left

rFire    . . .     SeeInvis .   a - +0 hand axe
rCold    . . .     Faith    .   (no shield)
rNeg     . . .     Spirit   .   r - +0 chain mail
rPois    .         Reflect  .   (helmet restricted)
rElec    .         Harm     .   q - +1 cloak
rCorr    .         Rampage  .   v - +0 pair of gloves
Will     ++...                  t - +0 pair of boots
Stlth    ..........             (no amulet)
HPRegen  1.21/turn              (no ring)
MPRegen  0.10/turn              (no ring)

@: regenerating
A: retaliatory headbutt, horns 2
a: Renounce Religion, Berserk, Trog's Hand


You were on level 5 of the Dungeon.
You worshipped Trog.
Trog was most pleased with you.
You visited 1 branch of the dungeon, and saw 5 of its levels.

You collected 212 gold pieces.

Inventory:

Hand Weapons
 a - a +0 hand axe (weapon)
 b - a +0 vampiric whip
 c - a +0 whip of distortion
Armour
 q - a +1 cloak (worn)
 r - a +0 chain mail (worn)
 t - a +0 pair of boots (worn)
 v - a +0 pair of gloves (worn)
Jewellery
 n - an uncursed ring of flight {unknown}
Wands
 m - a wand of flame (10)
 p - a wand of digging (4)
Scrolls
 e - 3 scrolls of identify {unknown}
 h - 2 scrolls of teleportation {unknown}
 o - 2 scrolls of enchant weapon {unknown}
 s - a scroll of random uselessness {unknown}
 u - a scroll of remove curse {unknown}
Potions
 d - 2 potions of flight {unknown}
 f - a potion of attraction {unknown}
 i - a potion of curing {unknown}
 j - a potion of ambrosia {unknown}
 k - 2 potions of lignification {unknown}


   Skills:
 + Level 6.6 Fighting
 + Level 6.7 Axes
 + Level 6.1 Armour
 + Level 5.5 Dodging
 + Level 3.1 Evocations


You had 7 spell levels left.
You didn't know any spells.
Your spell library was empty.

Dungeon Overview and Level Annotations

Branches:
Dungeon (5/15)
 Temple: D:4-7

Altars:
Fedhas
Nemelex Xobeh
Okawaru

Annotations:
D:1 1 runed translucent door
D:5 Grinder, Ijyb, Menkaure, Prince Ribbit, Sigmund


Innate Abilities, Weirdness & Mutations

You reflexively headbutt those who attack you in melee.
You have a pair of horns on your head.


Message History

You headbutt Ijyb, but do no damage.
As you read the scroll labelled IDWI SOGEVOX, it crumbles to dust.
It is a scroll of enchant armour.
Your +0 cloak glows green for a moment.
Ijyb barely misses you.
As you read the scroll labelled YMACIR SINWOA, it crumbles to dust.
The scroll dissolves into smoke.
It was a scroll of fog.
Ijyb hits you but does no damage.
Menkaure calls on the powers of darkness!
Your body is wracked with pain!
* * * LOW HITPOINT WARNING * * *
Ijyb convulses!
Menkaure closely misses you. Ijyb barely misses you. You furiously retaliate!
You headbutt Ijyb.
Your skin crawls.
You feel strong-willed. Menkaure hits you but does no damage.
Ijyb hits you with a cursed -3 club.
* * * LOW HITPOINT WARNING * * *
A gnoll comes into view. It is wielding a +0 whip.
Menkaure hits you!!
You die...

....##
###.@.......#...##.......
.##..
#.§..###...............
.##...
##§.###...###.......... .
##.<# #§§§##..##
........... #..
#§§§§§..## .###.##....
#.§§§#§@s...# . #........
#..§§§##g§#...#.
......... ........###M#
.... ....... ......#..
#@# . . .#....#.##..#
#..........# ##..##......
###.... ...... ##.....
......g


You could see Sigmund, Ijyb, Menkaure (fast), a scorpion and a gnoll
(wandering).

Vanquished Creatures
  Pikel (D:5)
  A lemure (D:5)
  A water moccasin zombie (D:5)
  A water moccasin skeleton (D:4)
  A scorpion (D:4)
  A howler monkey (D:3)
  A quasit (D:5)
  5 orc wizards (D:4)
  Crazy Yiuf (D:2)
  3 orc priests
  A centaur skeleton (D:4)
  Jessica (D:2)
  2 worker ants (D:4)
  Terence (D:2)
  Robin (D:2)
  9 gnolls
  6 adders
  An adder skeleton (D:4)
  A worm (D:2)
  2 dart slugs
  3 leopard geckos
  22 orcs
  4 giant cockroaches
  11 goblins
  7 hobgoblins
  4 jackals
  3 quokkas
  2 ball pythons
  6 bats
  6 frilled lizards
  7 kobolds
  7 rats
123 creatures vanquished.

Notes
Turn   | Place    | Note
-------+----------+-------------------------------------------
     0 | D:1      | dtburroughs the Minotaur Berserker began the quest for the
                  | Orb.
     0 | D:1      | Reached XP level 1. HP: 19/19 MP: 0/0
     1 | D:1      | Found a runed translucent door.
   415 | D:1      | Reached XP level 2. HP: 27/27 MP: 1/1
   873 | D:2      | Noticed Robin
   885 | D:2      | Killed Robin
   886 | D:2      | Reached XP level 3. HP: 11/33 MP: 2/2
   890 | D:2      | Reached ** piety under Trog
  1357 | D:2      | Noticed Jessica
  1369 | D:2      | Killed Jessica
  1370 | D:2      | Reached XP level 4. HP: 41/41 MP: 3/3
  1579 | D:2      | Found an iron altar of Okawaru.
  1820 | D:2      | Noticed Terence
  1831 | D:2      | Killed Terence
  1832 | D:2      | Reached XP level 5. HP: 30/47 MP: 4/4
  1952 | D:2      | Found a runed translucent door.
  1966 | D:2      | Noticed Crazy Yiuf
  2539 | D:2      | Killed Crazy Yiuf
  2990 | D:3      | Reached skill level 5 in Axes
  3241 | D:3      | Reached skill level 5 in Fighting
  3371 | D:3      | Reached XP level 6. HP: 56/56 MP: 5/5
  3402 | D:3      | Found a sparkling altar of Nemelex Xobeh.
  3436 | D:3      | Reached *** piety under Trog
  3760 | D:4      | Reached skill level 1 in Evocations
  4041 | D:4      | Reached XP level 7. HP: 43/61 MP: 6/6
  4217 | D:4      | Reached skill level 5 in Armour
  4795 | D:4      | Reached **** piety under Trog
  5279 | D:5      | Entered Level 5 of the Dungeon
  5284 | D:5      | Noticed Prince Ribbit
  5288 | D:5      | Noticed Pikel
  5312 | D:5      | Killed Pikel
  5313 | D:5      | Reached skill level 5 in Dodging
  5313 | D:5      | Reached XP level 8. HP: 31/71 MP: 7/7
  5563 | D:5      | Found a blossoming altar of Fedhas.
  5697 | D:5      | Noticed Sigmund
  5697 | D:5      | Noticed Menkaure
  5700 | D:5      | Noticed Grinder
  5719 | D:5      | Noticed Ijyb
  5730 | D:5      | Slain by Menkaure

Illustrated notes

Levels and vault maps discovered:
D:1:      dpeg_arrival_caged_fury, layout_basic
D:2:      layout_basic, okawaru_altar_gauntlet_db, uniq_crazy_yiuf_cottage,
          uniq_jessica, uniq_robin, uniq_terence
D:3:      layout_basic, general_overflow_altar
D:4:      layout_loops_corners
D:5:      layout_cave_pools, serial_gnoll_camp, gnoll_camp_huts_moat,
          gnoll_camp_mini_basic, gnoll_camp_medium_02, gnoll_camp_mini_shop,
          st_stairs_11, fedhas_bush_and_centaur_altar, uniq_pikel,
          uniq_prince_ribbit1, uniq_grinder, uniq_ijyb, uniq_sigmund,
          uniq_menkaure

Skill      XL: |  1  2  3  4  5  6  7 |
---------------+----------------------+-----
Axes           | 4 5 6 |  6.7
Fighting       | 4 5 6 |  6.6
Armour         | 3 4 6 |  6.1
Dodging        | 3 4 5 |  5.5
Evocations     | 1 3 |  3.1

Action                   |  1- 3 |  4- 6 |  7- 9 || total
-------------------------+-------+-------+-------++-------
Melee: Hand axe          |    55 |   211 |   116 ||   382
       Headbutt          |     2 |    40 |    30 ||    72
Invok: Berserk           |     1 |     1 |       ||     2
       Trog's Hand       |       |     2 |     3 ||     5
  Use: Scroll            |       |       |     2 ||     2
 Stab: Sleeping          |     1 |       |       ||     1
Armor: Animal skin       |    12 |    13 |       ||    25
       Chain mail        |       |    96 |   100 ||   196
Dodge: Dodged            |    42 |   127 |    89 ||   258
